 Dungeon Crawl Stone Soup version 0.30.0-29-ga12c61a403 (webtiles) character file.

Game seed: 18179766597391258520

3173 hawla the Firebug (level 10, -5/111 HPs)
             Began as a Meteoran Fire Elementalist on June 9, 2023.
             Was a Follower of Vehumet.
             Slain by Gastronok (17 damage)
             ... on level 9 of the Dungeon.
             The game lasted 00:16:38 (2859 turns).

hawla the Firebug (Meteoran Fire Elementalist)      Turns: 2859, Time: 00:16:39

Health: -5/111     AC: 25    Str: 10    XL:     10   Next: 38%
Magic:  12/22      EV:  2    Int: 22    God:    Vehumet [*.....]
Gold:   276        SH:  0    Dex: 14    Spells: 13/24 levels left

rFire   + . .        b - +1 flail (vamp)
rCold   . . .        (no shield)
rNeg    . . .        a - melded +0 robe
rPois   +            k - melded +2 hat
rElec   .            (cloak currently unavailable)
rCorr   .            (gloves currently unavailable)
SInv    .            (boots currently unavailable)
Will    +....        (no amulet)
Stlth   +            c - ring of protection from fire
HPRegen 0.00/turn    (no ring)
MPRegen 0.18/turn

%: no passive effects
@: tree-form, silenced, inhibited regen, glowing
A: stationary, stasis, torment immunity, boosted hp, sense surroundings 2,
otherworldly, glowing, explore regen, inhibited regeneration
a: Renounce Religion


You were on level 9 of the Dungeon.
You worshipped Vehumet.
Vehumet was aware of your devotion.
You were a tree.
You visited 1 branch of the dungeon, and saw 9 of its levels.

You collected 276 gold pieces.

Inventory:

Hand Weapons
 b - a +1 vampiric flail (weapon)
 m - a +1 whip of holy wrath
Armour
 a - a +0 robe (melded)
 k - a +2 hat (melded)
Jewellery
 c - a ring of protection from fire (left branch)
 i - an amulet of reflection
Wands
 f - a wand of digging (2)
Scrolls
 h - a scroll of identify
 r - a scroll of fog
Potions
 d - 2 potions of attraction
 e - 2 potions of berserk rage
 g - a potion of flight
 n - a potion of magic
 q - a potion of cancellation {unknown}


   Skills:
 + Level 2.4 Fighting
 * Level 7.1 Maces & Flails
 + Level 4.3 Dodging
 - Level 1.4 Stealth
 + Level 7.5 Spellcasting
 + Level 6.8 Conjurations
 + Level 7.7 Fire Magic
 + Level 7.3 Air Magic


You had 13 spell levels left.
You knew the following spells:

 Your Spells              Type           Power      Damage    Failure   Level
a - Foxfire               Conj/Fire      100%       2x1d9     1%          1
b - Scorch                Fire           84%        2d8       1%          2
c - Flame Wave            Conj/Fire      40%        2d11      4%          4
d - Airstrike             Air            20%        2d(3-19)  3%          4

Your spell library contained the following spells:

 Spells                   Type           Power      Damage    Failure   Level
 Magic Dart               Conj           100%       1d8       1%          1
 Shock                    Conj/Air       100%       1d9       1%          1
 Swiftness                Air            40%        N/A       1%          3
 Inner Flame              Hex/Fire       25%        N/A       4%          3
 Volatile Blastmotes      Fire/Tloc      50%        2d14      4%          3


Dungeon Overview and Level Annotations

Branches:
Dungeon (9/15) Zot: 2532      Orc (0/2) D:9
 Temple: D:4-7         Lair: D:8-11

Altars:
Cheibriados
Nemelex Xobeh
Okawaru
Sif Muna
Uskayaw
Vehumet
Zin
The Shining One

Annotations:
D:9 Gastronok


Innate Abilities, Weirdness & Mutations

You are a tree.
Your roots penetrate the ground, keeping you stationary.
You cannot be teleported.
You are immune to unholy pain and torment.
Your maximum health is greatly increased.
Your equipment is partially melded.
You passively map the area around you.
You are easily found by Zot.
You glow in the dark.
You regain HP and MP as you explore.
You do not regenerate when monsters are visible.


Message History

The flame wave engulfs the steam dragon!
The steam dragon is heavily wounded.
The flame wave engulfs Gastronok.
Gastronok is moderately wounded. (Press . to intensify the flame waves.) Gastronok bites you but does no damage.
The steam dragon breathes steam at you.
The ball of steam hits you but does no damage.
The boulder beetle bites you.
A wave of flame ripples out!
The flame wave engulfs the boulder beetle but does no damage.
The boulder beetle is lightly wounded.
The flame wave engulfs the steam dragon!
The steam dragon is almost dead.
The flame wave engulfs Gastronok!
Gastronok is heavily wounded.
The boulder beetle bites you but does no damage.
The steam dragon bites you but does no damage.
The steam dragon claws you but does no damage.
A wave of flame ripples out!
The flame wave engulfs the boulder beetle!
The boulder beetle is moderately wounded.
The flame wave engulfs the steam dragon!
You kill the steam dragon!
Vehumet accepts your kill.
You feel your power returning.
The steam dragon scales are intact enough to wear.
The flame wave engulfs Gastronok!
Gastronok is heavily wounded.
You finish channelling waves of flame.
Gastronok bites you!!
* * * LOW HITPOINT WARNING * * *
The boulder beetle bites you!
* * * LOW HITPOINT WARNING * * *
You feel much better. The boulder beetle bites you!
* * * LOW HITPOINT WARNING * * *
Okay, then.
As you read the scroll labelled BOFREBIUFF, it crumbles to dust.
A profound silence engulfs you.
It was a scroll of silence.
Gastronok bites you!
You die...

,,,,,,,,,** **,,,,,,,,,,,,,,,,,,,
,,,***,,,!###.....,,,,,,,,,,,,,,,
,,,* *,,,........#********,,,,,,,
,,,***,,,.........,,,,,,,,,,,,,,,
,,,,,,,,,.<......#**,,,.,,,,,,,,,
,,,,,,,,,........# *,...,,,,,,,,*
,,,,,,,,,........###....,,,,,,,**
,,,,,,,,,......)B[......,,,,,,**
,,,,,,,,,.....§§♣.......,,,,,**
*,,,,,,,,........w......,,,,**
**,,,,,,,.....§.........,,,**
**,,,,,,...§...........,,**
**,,,,,..§............,**
**,,,,..§.§..........**
**,,,..§.§.>.......#*
****###############


You could see Gastronok and a boulder beetle (unsilenced).

Vanquished Creatures
  A two-headed ogre (D:9)
  Prince Ribbit (D:7)
  A spriggan (D:7)
  A steam dragon (D:9)
  A water moccasin (D:6)
  A black bear (D:8)
  2 ice beasts
  An ogre (D:7)
  A kobold brigand (D:7)
  3 bullfrogs
  3 scorpions
  5 wights (D:8)
  The ghost of comborobin the Covert, a weakling GnDe (D:4)
  4 howler monkeys
  3 hounds (D:5)
  3 jellies
  6 orc priests
  4 orc wizards
  4 iguanas
  4 gnolls
  5 adders
  A worm (D:3)
  A dart slug (D:1)
  30 orcs
  5 ball pythons
  A bat (D:2)
  5 endoplasms
  A giant cockroach (D:4)
  5 goblins
  7 hobgoblins
  3 quokkas
  2 frilled lizards
  10 kobolds
  2 rats
128 creatures vanquished.

Vanquished Creatures (others)
  222 foxfires
222 creatures vanquished.

Grand Total: 350 creatures vanquished

Notes
Turn   | Place    | Note
-------+----------+-------------------------------------------
     0 | D:1      | hawla the Meteoran Fire Elementalist began the quest for
                  | the Orb.
     0 | D:1      | Reached XP level 1. HP: 14/14 MP: 5/5
    67 | D:1      | Reached XP level 2. HP: 20/20 MP: 3/6
   194 | D:2      | Learned a level 2 spell: Scorch
   235 | D:2      | Reached XP level 3. HP: 26/26 MP: 6/8
   488 | D:4      | Reached XP level 4. HP: 33/33 MP: 2/10
   493 | D:4      | Learned a level 4 spell: Flame Wave
   495 | D:4      | Found a hide-covered altar of Uskayaw.
   640 | D:4      | Reached XP level 5. HP: 38/38 MP: 8/11
   727 | D:4      | Reached skill level 1 in Maces & Flails
   727 | D:4      | Reached XP level 6. HP: 40/45 MP: 4/12
   803 | D:4      | Found a runed translucent door.
   803 | D:4      | Noticed comborobin's ghost (weakling GnDe)
  1083 | D:4      | Killed comborobin's ghost
  1084 | D:4      | Reached XP level 7. HP: 5/50 MP: 1/13
  1170 | D:5      | Entered Level 5 of the Dungeon
  1192 | D:5      | Reached skill level 5 in Conjurations
  1192 | D:5      | Reached skill level 5 in Fire Magic
  1235 | D:5      | Found a sparkling altar of Nemelex Xobeh.
  1283 | D:5      | Found a snail-covered altar of Cheibriados.
  1307 | D:5      | Found a radiant altar of Vehumet.
  1341 | D:5      | Reached XP level 8. HP: 58/58 MP: 11/16
  1378 | D:5      | Became a worshipper of Vehumet
  1409 | D:6      | Identified the +3 dagger of Uskayaw's Condemnation
                  | {protect, Will+ Str-5 Int-5 Dex+6}
  1414 | D:6      | Reached skill level 5 in Spellcasting
  1453 | D:6      | Learned a level 4 spell: Airstrike
  1543 | D:7      | Reached skill level 5 in Air Magic
  1612 | D:7      | Gained mutation: You passively map the area around you.
                  | [Meteoran growth]
  1612 | D:7      | Reached XP level 9. HP: 63/63 MP: 14/18
  1612 | D:7      | Noticed Prince Ribbit
  1622 | D:7      | Killed Prince Ribbit
  1655 | D:7      | Reached skill level 5 in Maces & Flails
  1735 | D:7      | Found a glowing golden altar of the Shining One.
  1871 | D:7      | Reached * piety under Vehumet
  1871 | D:7      | Offered knowledge of Magic Dart by Vehumet.
  1884 | D:7      | Found an iron altar of Okawaru.
  1973 | D:7      | Found a shimmering blue altar of Sif Muna.
  2275 | D:8      | Gained mutation: You are clumsy. (Dex -2) [potion of
                  | mutation]
  2275 | D:8      | Gained mutation: You do not regenerate when monsters are
                  | visible. [potion of mutation]
  2275 | D:8      | Lost mutation: You are clumsy. (Dex -2) [potion of
                  | mutation]
  2300 | D:8      | Found a glowing silver altar of Zin.
  2432 | D:8      | Reached skill level 1 in Fighting
  2555 | D:8      | Reached XP level 10. HP: 66/71 MP: 10/21
  2832 | D:9      | Noticed Gastronok
  2832 | D:9      | Noticed a two-headed ogre
  2842 | D:9      | HP: 3/108 [two-headed ogre/+0 giant club (11)]
  2842 | D:9      | Noticed a boulder beetle
  2854 | D:9      | Killed a two-headed ogre
  2857 | D:9      | HP: 2/109 [boulder beetle (11)]
  2859 | D:9      | Slain by Gastronok

Illustrated notes

Levels and vault maps discovered:
D:1:      nicolae_arrival_washed_ashore, layout_rooms
D:2:      layout_rooms, serial_co_window_serial, co_window_corner_a,
          co_window_paths_b, co_window_paths_a, co_window_corner_a,
          co_window_corner_a, co_window_corner_a, co_window_paths_b,
          co_window_corner_cb, co_window_2corner, co_window_unsneaky_path_c,
          co_window_corner_ca, co_window_unsneaky_path_e, co_window_corner_b,
          glass_columns_b, glass_columns_a, glass_columns_c, uniq_robin
D:3:      layout_loops_ring, saegor_snake_ambush
D:4:      layout_basic, eat_drink_and_be_merry_uskayaw,
          ebering_ghost_inner_flame, grunt_ministairs_6,
          hangedman_decor_clover_reticule, minmay_door_square
D:5:      layout_basic, fiery_altar_vehumet,
          mainiacjoe_overflow_surrounded_room, grunt_gozag_statues,
          mainiacjoe_overflow_catch_the_wave, minmay_temple_entry_antechambers,
          uniq_crazy_yiuf_cottage
D:6:      layout_rooms, lemuel_tele_altar, serial_bayou, serial_bayou_lagoon_a,
          serial_bayou_ford_a, serial_bayou_pond_c, serial_bayou_pond_b,
          minivault_22, nicolae_half_adder
D:7:      layout_cave_pods, kennysheep_mini, mainiacjoe_overflow_24_doors,
          okawaru_altar_gauntlet_db, the_hattery, uniq_prince_ribbit1
D:8:      layout_loops_cross, zin_academy
D:9:      layout_big_octagon, erik_orc_2, nzn_sisyphean_effort, uniq_gastronok

Skill      XL: |  1  2  3  4  5  6  7  8  9 10 |
---------------+-------------------------------+-----
Fire Magic     | 4 5 7 |  7.7
Spellcasting   | 3 4 5 6 7 |  7.5
Conjurations   | 3 4 5 6 |  6.8
Maces & Flails | 1 4 6 7 |  7.1
Air Magic      | 5 7 |  7.3
Dodging        | 3 4 |  4.3
Fighting       | 1 2 |  2.4
Stealth        | |  1.4

Action                     |  1- 3 |  4- 6 |  7- 9 | 10-12 || total
---------------------------+-------+-------+-------+-------++-------
  Melee: Unarmed           |     7 |       |       |       ||     7
         Mace              |       |     3 |       |       ||     3
         Flail             |       |    14 |    42 |     2 ||    58
         Punch             |       |       |     2 |       ||     2
   Cast: Foxfire           |    39 |    40 |    48 |     2 ||   129
         Scorch            |     2 |    14 |    26 |     4 ||    46
         Flame Wave        |       |     1 |    12 |     3 ||    16
    Use: Scroll            |     2 |     1 |     4 |     2 ||     9
         Potion            |       |     2 |     4 |     6 ||    12
 Armour: Robe              |     2 |     9 |    10 |       ||    21
         Skin              |       |       |       |    26 ||    26
  Dodge: Dodged            |     7 |    18 |    40 |     7 ||    72
